 Dungeon Crawl Stone Soup version 0.29.1-15-g9cfb28693d (webtiles) character file.

Game seed: 15433379240751229936

6364 EarthwalkerPL the Protected (level 10, 0/94 HPs)
             Began as a Minotaur Fighter on Mar 13, 2023.
             Was a High Priest of Okawaru.
             Succumbed to a killer bee's poison
             ... on level 9 of the Dungeon.
             The game lasted 00:18:59 (9618 turns).

EarthwalkerPL the Protected (Minotaur Fighter)      Turns: 9618, Time: 00:19:00

Health: 0/94       AC: 21    Str: 33 (34) XL:     10   Next: 65%
Magic:  3/9        EV:  8    Int:  3 (5)  God:    Okawaru [*****.]
Gold:   542        SH:  6    Dex: 13 (14) Spells: 9/9 levels left

rFire   . . .      SeeInvis .   M - +0 broad axe
rCold   + . .      Faith    .   c - +0 buckler
rNeg    + . .      Spirit   +   L - +0 plate armour
rPois   .          Reflect  .   z - +1 hat
rElec   .          Harm     .   y - +0 cloak
rCorr   .          Rampage  .   m - +1 pair of gloves of Adoru {rC+ Str+3 Dex+4 Slay-5}
Will    .....                   t - +0 pair of boots
Stlth   ..........              q - amulet of guardian spirit
HPRegen 0.25/turn               S - +6 ring of strength
MPRegen 0.11/turn               A - ring of positive energy

@: lethally poisoned (0 -> -3), hasted, very quick
A: horns 2, retaliatory headbutt, talons 1
a: Renounce Religion, Heroism, Finesse, Duel


You were on level 9 of the Dungeon.
You worshipped Okawaru.
Okawaru was extremely pleased with you.
You visited 2 branches of the dungeon, and saw 10 of its levels.

You collected 542 gold pieces.

Inventory:

Hand Weapons
 M - a +0 broad axe (weapon)
Missiles
 e - a throwing net
 N - 7 boomerangs (quivered)
 P - 8 poisoned darts
Armour
 b - a +0 scale mail
 c - a +0 buckler (worn)
 m - the +1 pair of gloves of Adoru (worn) {rC+ Str+3 Dex+4 Slay-5}
   (You acquired it on level 6 of the Dungeon)

   Str:       It affects your strength (+3).
   Dex:       It affects your dexterity (+4).
   Slay:      It affects your accuracy & damage with ranged weapons and melee
   (-5).
   rC:        It protects you from cold.
 t - a +0 pair of boots (worn)
 y - a +0 cloak (worn)
 z - a +1 hat (worn)
 J - the +3 hat of Pondering {ponderous, Will+ MP+10 Int+5}
   (You took it off Gastronok on level 8 of the Dungeon)

   Int:       It affects your intelligence (+5).
   MP:        It affects your magic capacity (+10).
   Will:      It increases your willpower.
 L - a +0 plate armour (worn)
Jewellery
 q - an amulet of guardian spirit (around neck)
 s - a +4 ring of protection
 A - a ring of positive energy (right hand)
 C - a ring of magical power
 I - a ring of wizardry
 R - a +6 ring of intelligence
 S - a +6 ring of strength (left hand)
Wands
 a - a wand of mindburst (4)
 w - a wand of iceblast (9)
 B - a wand of flame (27)
 F - a wand of paralysis (10)
Scrolls
 f - 4 scrolls of fog
 n - a scroll of torment
 p - 2 scrolls of magic mapping
 x - 4 scrolls of amnesia
 D - a scroll of silence
 E - a scroll of teleportation
 H - a scroll of noise {unknown}
 O - 2 scrolls of identify
 Q - 2 scrolls of enchant weapon {unknown}
Potions
 d - 2 potions of might
 g - a potion of lignification
 h - a potion of berserk rage {unknown}
 i - a potion of ambrosia
 j - a potion of brilliance {unknown}
 k - a potion of curing {unknown}
 l - a potion of magic {unknown}
 o - 7 potions of flight
 r - a potion of degeneration
 u - a potion of heal wounds {unknown}
 v - a potion of attraction {unknown}
 G - 2 potions of invisibility
 K - 2 potions of haste


   Skills:
 * Level 10.4 Fighting
 * Level 10.1 Axes
 + Level 5.5 Throwing
 * Level 10.5 Armour
 + Level 7.7 Shields


You had 9 spell levels left.
You didn't know any spells.
Your spell library contained the following spells:

 Spells                   Type           Power      Damage    Failure   Level
 Foxfire                  Conj/Fire      0%         2x1d4     99%         1
 Sandblast                Erth           0%         2d4       99%         1
 Passwall                 Tmut/Erth      0%         N/A       100%        2
 Conjure Flame            Conj/Fire      0%         6-21      100%        3
 Inner Flame              Hex/Fire       0%         N/A       100%        3
 Stone Arrow              Conj/Erth      0%         3d7       100%        3
 Flame Wave               Conj/Fire      0%         2d4       100%        4


Dungeon Overview and Level Annotations

Branches:
Dungeon (9/15)             Temple (1/1) D:4
   Lair: D:8-11         Orc: D:9-12

Altars:
Ashenzari
Cheibriados
Dithmenos
Elyvilon
Fedhas
Gozag
Hepliaklqana
Kikubaaqudgha
Makhleb
Nemelex Xobeh
Okawaru
Qazlal
Ru
Sif Muna
Trog
Uskayaw
Vehumet
Wu Jian
Xom
Yredelemnul
Zin
The Shining One

Annotations:
D:7 3 runed translucent doors, Bloodier's ghost, novice DsTm


Innate Abilities, Weirdness & Mutations

You have a pair of horns on your head.
You reflexively headbutt those who attack you in melee.
You have sharp toenails.


Message History

* * * LOW HITPOINT WARNING * * *
You feel yourself slow down.
You hit the hornet but do no damage. Your headbutt misses the hornet.
You feel yourself speed up.
You feel very sick.
The hornet stings you but does no damage. x3
You barely miss the hornet.
You feel sick.
The hornet stings you but does no damage. x2
You hit the hornet but do no damage. Your headbutt misses the hornet.
You feel sick. The hornet barely misses you.
You slash the hornet! Your headbutt misses the hornet.
The hornet is heavily wounded.
You feel sick. You block the hornet's attack.
The hornet stings you but does no damage.
You slice the hornet!!
You kill the hornet!
Okawaru accepts your kill.
You can now enter into single combat with a foe.
Okawaru will now gift you equipment as you gain piety.
You feel sick.
The killer bee stings you but does no damage.
The killer bee stings you.
* * * LOW HITPOINT WARNING * * *
You are lethally poisoned!
The killer bee poisons you!
Your life force feels restored.
You miss the killer bee.
* * * LOW HITPOINT WARNING * * *
You feel sick.
The killer bee stings you but does no damage. x2
Unknown command.
It was a potion of haste.
You feel yourself speed up.
* * * LOW HITPOINT WARNING * * *
You feel sick. The killer bee stings you.
* * * LOW HITPOINT WARNING * * *
The killer bee stings you but does no damage.
It was a potion of degeneration.
There was something very wrong with that liquid.
You feel weakened.
You feel dopey.
You feel clumsy.
You die...

#............. ...y...
#.)#.##........
.......##.##.........##
..y................###
...........##....####
....y..#### #..###..#
..... ###.....#
#..####....#..#
#...y@..#..##.#
#......#####...# .#
...##.. #.#.# # # #..
#.#.# ... #.#.# #...
..#.# .... ....# .....
#.


You could see a killer bee.

Vanquished Creatures
  Gastronok (D:8)
  Pikel (D:4)
  A cyclops (D:8)
  A hornet (D:9)
  A wyvern (D:7)
  3 yaks (D:7)
  A steam dragon (D:7)
  Eustachio (D:5)
  Menkaure (D:4)
  A water moccasin (D:8)
  3 ice beasts
  An orc warrior (D:7)
  3 ogres (D:5)
  A centaur (D:8)
  2 lemures
  3 phantoms
  2 kobold brigands (D:7)
  A necrophage (D:5)
  3 bullfrogs
  3 scorpions
  9 wights
  8 killer bees
  A howler monkey (D:7)
  3 jellies
  4 hounds
  3 orc priests
  4 iguanas
  Crazy Yiuf (D:5)
  Ijyb (D:4)
  6 orc wizards
  6 gnolls
  14 adders
  A shadow imp (D:5)
  2 white imps
  An ufetubus (D:6)
  A worm (D:4)
  7 dart slugs
  24 orcs
  5 endoplasms
  5 giant cockroaches
  9 goblins
  6 hobgoblins
  9 jackals
  4 quokkas
  7 ball pythons
  3 bats
  2 frilled lizards
  2 kobolds
  5 rats
187 creatures vanquished.

Vanquished Creatures (others)
  A human (D:3)
  3 plants (D:5)
4 creatures vanquished.

Grand Total: 191 creatures vanquished

Notes
Turn   | Place    | Note
-------+----------+-------------------------------------------
     0 | D:1      | EarthwalkerPL the Minotaur Fighter began the quest for the
                  | Orb.
     0 | D:1      | Reached XP level 1. HP: 19/19 MP: 0/0
    86 | D:1      | Reached XP level 2. HP: 26/27 MP: 1/1
   428 | D:1      | Reached XP level 3. HP: 33/33 MP: 2/2
  1408 | D:2      | Reached XP level 4. HP: 40/40 MP: 3/3
  1563 | D:3      | Reached skill level 1 in Throwing
  1767 | D:3      | Found an ancient bone altar of Kikubaaqudgha.
  1856 | D:3      | Reached XP level 5. HP: 9/47 MP: 4/4
  2283 | D:3      | Found a faded altar of an unknown god.
  2423 | D:3      | Noticed a human
  2425 | D:3      | Killed a human
  2886 | D:4      | Noticed a phantom
  2901 | D:4      | Killed a phantom
  2902 | D:4      | Reached skill level 5 in Fighting
  2902 | D:4      | Reached skill level 5 in Armour
  2980 | D:4      | Noticed Ijyb
  2990 | D:4      | Reached XP level 6. HP: 56/56 MP: 5/5
  2993 | D:4      | Killed Ijyb
  3023 | D:5      | Entered Level 5 of the Dungeon
  3080 | D:4      | Noticed Menkaure
  3101 | D:4      | Killed Menkaure
  3262 | D:4      | Found a staircase to the Ecumenical Temple.
  3281 | D:4      | Reached skill level 5 in Axes
  3294 | Temple   | Entered the Ecumenical Temple
  3561 | Temple   | Became a worshipper of Warmaster Okawaru
  3595 | D:4      | Reached XP level 7. HP: 62/62 MP: 6/6
  3789 | D:4      | Noticed Pikel
  4018 | D:4      | Killed Pikel
  4019 | D:4      | Reached skill level 5 in Shields
  4019 | D:4      | Reached XP level 8. HP: 44/71 MP: 5/7
  4629 | D:5      | Reached * piety under Okawaru
  4727 | D:5      | Found a runed translucent door.
  4728 | D:5      | Noticed Crazy Yiuf
  4784 | D:5      | Gained mutation: You occasionally shout uncontrollably at
                  | your foes. [potion of mutation]
  4784 | D:5      | Gained mutation: You have large cloven feet. [potion of
                  | mutation]
  4784 | D:5      | Gained mutation: You possess an exceptional clarity of
                  | mind. [potion of mutation]
  5348 | D:5      | Lost mutation: You possess an exceptional clarity of mind.
                  | [potion of mutation]
  5348 | D:5      | Lost mutation: You occasionally shout uncontrollably at
                  | your foes. [potion of mutation]
  5348 | D:5      | Lost mutation: You have large cloven feet. [potion of
                  | mutation]
  5348 | D:5      | Gained mutation: You are covered in fur. (AC +1) [potion of
                  | mutation]
  5348 | D:5      | Gained mutation: You are weak. (Str -2) [potion of
                  | mutation]
  5348 | D:5      | Gained mutation: You are occasionally teleported next to
                  | monsters. [potion of mutation]
  5348 | D:5      | Gained mutation: You are agile. (Dex +4, Str/Int -1)
                  | [potion of mutation]
  5397 | D:5      | Noticed Eustachio
  5412 | D:5      | Killed Eustachio
  5705 | D:5      | Killed Crazy Yiuf
  5781 | D:6      | Lost mutation: You are weak. (Str -2) [potion of mutation]
  5781 | D:6      | Lost mutation: You are agile. (Dex +4, Str/Int -1) [potion
                  | of mutation]
  5781 | D:6      | Lost mutation: You are occasionally teleported next to
                  | monsters. [potion of mutation]
  5781 | D:6      | Gained mutation: Your body sometimes deteriorates upon
                  | taking damage. [potion of mutation]
  5886 | D:6      | Identified a scroll of acquirement
  5888 | D:6      | Acquired the +1 pair of gloves of Adoru {rC+ Str+3 Dex+4
                  | Slay-5}
  5987 | D:6      | Reached XP level 9. HP: 81/81 MP: 8/8
  6083 | D:6      | Reached ** piety under Okawaru
  6694 | D:7      | Noticed Bloodier's ghost (novice DsTm)
  6695 | D:7      | Found a runed translucent gate.
  6695 | D:7      | Found a runed translucent gate.
  6695 | D:7      | Found a runed translucent gate.
  6741 | D:7      | Lost mutation: Your body sometimes deteriorates upon taking
                  | damage. [potion of mutation]
  6741 | D:7      | Lost mutation: You are covered in fur. (AC +1) [potion of
                  | mutation]
  6741 | D:7      | Gained mutation: You have sharp toenails. [potion of
                  | mutation]
  6928 | D:7      | Noticed a kobold demonologist
  6980 | D:7      | Reached *** piety under Okawaru
  7349 | D:7      | Found a hazy altar of Hepliaklqana.
  7349 | D:7      | Found a shadowy altar of Dithmenos.
  7486 | D:7      | Reached XP level 10. HP: 67/91 MP: 7/9
  7738 | D:8      | Noticed Gastronok
  8255 | D:8      | Noticed a cyclops
  8281 | D:8      | Killed a cyclops
  8281 | D:8      | Reached **** piety under Okawaru
  8282 | D:8      | Reached skill level 5 in Throwing
  8425 | D:8      | Killed Gastronok
  8426 | D:8      | Reached skill level 10 in Fighting
  8426 | D:8      | Reached skill level 10 in Armour
  8969 | D:7      | Received a gift from Okawaru
  8980 | D:7      | Reached skill level 10 in Axes
  9380 | D:8      | Identified the +4 short sword of the Transparent God
                  | {drain, Str+4 Dex+2}
  9615 | D:9      | Reached ***** piety under Okawaru
  9616 | D:9      | HP: 3/94 [poisoned by a killer bee]
  9617 | D:9      | HP: 1/94 [killer bee (1)]
  9618 | D:9      | Succumbed to a killer bee's poison

Illustrated notes

Levels and vault maps discovered:
D:1:      dpeg_arrival_orchard, layout_rooms, minmay_heptomino_d4
D:2:      layout_basic, kennysheep_generic_room_4
D:3:      cheibrodos_helix_gallery, layout_basic, tgw_kikubaaqudgha,
          hellmonk_ecumenical_altar_prayer_group, dk_vineyard_2
D:4:      layout_cave_pools, minmay_temple_entry_glass, uniq_ijyb,
          uniq_menkaure, uniq_pikel
D:5:      layout_gridville, hangedman_decor_clover_reticule,
          serial_bayou_ford_a, uniq_crazy_yiuf_cottage, uniq_eustachio
D:6:      layout_loops_cross
D:7:      minmay_s_stair_smasher, layout_basic,
          riverfiend_overflow_shadow_ancestor, gammafunk_ghost_nasty_kobolds
D:8:      layout_cave_pools, uniq_gastronok
D:9:      minmay_the_grid_triangle_9x9_rhombus_thin_mashed
          [minmay_the_grid_triangle_9x9_fully_insulated_deathbox,
          minmay_the_grid_triangle_9x9_prize_special,
          minmay_the_grid_triangle_9x9_corrupted_corridor,
          minmay_the_grid_triangle_9x9_tough_junction], layout_rooms,
          hangedman_minor_magic
Temple:   compressed_dpeg_triangle_lava_temple

Skill      XL: |  1  2  3  4  5  6  7  8  9 10 |
---------------+-------------------------------+-----
Fighting       | 4 5 6 7 9 10 | 10.4
Armour         | 4 5 6 8 9 10 | 10.5
Axes           | 3 4 5 6 7 9 10 | 10.1
Shields        | 4 5 6 7 |  7.7
Throwing       | 1 2 3 4 5 |  5.5

Action                   |  1- 3 |  4- 6 |  7- 9 | 10-12 || total
-------------------------+-------+-------+-------+-------++-------
Melee: War axe           |    79 |   115 |   259 |       ||   453
       Headbutt          |     7 |    12 |    67 |    23 ||   109
       Broad axe         |       |       |    51 |   127 ||   178
Throw: Boomerang         |     3 |    11 |    34 |       ||    48
       Dart              |       |       |       |     9 ||     9
  Use: Potion            |       |       |     8 |     2 ||    10
       Scroll            |       |       |     8 |       ||     8
 Stab: Invisible         |       |       |     1 |       ||     1
Armor: Scale mail        |    37 |    61 |   130 |       ||   228
       Skin              |       |       |     7 |       ||     7
       Plate armour      |       |       |    50 |   144 ||   194
Dodge: Dodged            |    39 |    51 |   143 |    70 ||   303
Block: Buckler           |    17 |    25 |    81 |    53 ||   176
